 Dungeon Crawl Stone Soup version 0.22.1-5-g62c59d9 (webtiles) character file.

63 Tr0llz0r the Chopper (level 3, -2/27 HPs)
             Began as a Demonspawn Gladiator on Jan 9, 2019.
             Slain by a worm (7 damage)
             ... on level 2 of the Dungeon.
             The game lasted 00:04:14 (1424 turns).

Tr0llz0r the Chopper (Demonspawn Gladiator)         Turns: 1424, Time: 00:04:15

Health: -2/27      AC:  5    Str: 15      XL:     3   Next: 89%
Magic:  3/3        EV: 13    Int:  7 (9)  God:
Gold:   56         SH:  0    Dex: 12 (14) Spells: 2/2 levels left

rFire    . . .     SeeInvis .   a - +0 war axe
rCold    . . .     Gourm    .   (no shield)
rNeg     . . .     Faith    .   b - +0 leather armour
rPois    .         Spirit   .   c - +0 helmet
rElec    .         Reflect  .   (no cloak)
rCorr    .         Harm     .   (no gloves)
MR       .....                  (no boots)
Stlth    ++........             (no amulet)
HPRegen  0.09/turn              (no ring)
MPRegen  0.08/turn              (no ring)

@: lethally poisoned (-2 -> -28)
A: rugged brown scales 1, nightstalker 1
a: no special abilities


You were on level 2 of the Dungeon.
You were not hungry.

You visited 1 branch of the dungeon, and saw 2 of its levels.

You collected 56 gold pieces.

Inventory:

Hand Weapons
 a - a +0 war axe (weapon)
Missiles
 d - 3 throwing nets (quivered)
 e - 69 stones
Armour
 b - a +0 leather armour (worn)
 c - a +0 helmet (worn)
Scrolls
 g - a scroll of fear
 j - a scroll of amnesia
Potions
 h - 2 potions of degeneration
Comestibles
 f - a ration


   Skills:
 + Level 2.2 Fighting
 + Level 3.3 Axes
 + Level 1.8 Throwing
 + Level 1.3 Armour
 + Level 3.2 Dodging
 + Level 0.4 Stealth


You had 2 spell levels left.
You didn't know any spells.
Your spell library was empty.

Dungeon Overview and Level Annotations

Branches:
Dungeon (2/15)

Altars:


Innate Abilities, Weirdness & Mutations

You are partially covered in rugged brown scales. (AC +1, +3% HP)
You are slightly more attuned to the shadows.


Message History

You miss the adder.
You feel very sick. The adder barely misses you.
The goblin completely misses you.
You closely miss the goblin. You hit the adder but do no damage.
You barely miss the worm.
You feel sick. The adder misses you.
The goblin hits you with a dagger of venom.
You are more poisoned.
The worm closely misses you. The adder barely misses you.
The goblin barely misses you.
You barely miss the goblin. You hit the worm. You barely miss the adder.
* * * LOW HITPOINT WARNING * * *
You feel very sick. The adder misses you. The worm barely misses you.
The adder bites you but does no damage. The goblin barely misses you.
You slash the goblin!
You kill the goblin!
You hit the worm. You slash the adder!
* * * LOW HITPOINT WARNING * * *
You feel sick. The adder barely misses you. The worm bites you!
You die...

.............##.......[
.......)..†..+.....)...
........†....###..÷.)##
...<.........# #.....#
###.......#.## #.....#
#.......#.# #.....#
#.......#.# ###.###
#.......#.# #.#
#...@...#+# #.#
#..w)S....... #..
#............
#.............
#.....###..... #.....#
..... ......# #####


You could see a worm and an adder.

Vanquished Creatures
  Natasha (D:2)
  A leopard gecko (D:2)
  A giant cockroach (D:1)
  10 goblins
  6 hobgoblins
  3 kobolds
  A quokka (D:2)
  7 bats
  2 frilled lizards (D:1)
  4 rats (D:1)
36 creatures vanquished.

Notes
Turn   | Place    | Note
-------+----------+-------------------------------------------
     0 | D:1      | Tr0llz0r the Demonspawn Gladiator began the quest for the
                  | Orb.
     0 | D:1      | Reached XP level 1. HP: 16/16 MP: 1/1
   352 | D:1      | Gained mutation: You are slightly more attuned to the
                  | shadows. [demonic ancestry]
   352 | D:1      | Reached XP level 2. HP: 22/22 MP: 2/2
  1079 | D:2      | Gained mutation: You are partially covered in rugged brown
                  | scales. (AC +1, +3% HP) [demonic ancestry]
  1079 | D:2      | Reached XP level 3. HP: 22/27 MP: 3/3
  1130 | D:2      | Noticed Natasha
  1138 | D:2      | Killed Natasha
  1138 | D:2      | Reached skill level 1 in Armour
  1424 | D:2      | Slain by a worm

Skill      XL: |  1  2  3 |
---------------+----------+-----
Dodging        | 3 |  3.2
Axes           | 3 |  3.3
Armour         | 1 |  1.3
Fighting       | |  2.2
Throwing       | |  1.8
Stealth        | |  0.4

Action                   || total
-------------------------++-------
Melee: War axe           ||   129
  Use: Scroll            ||     6
       Potion            ||     3
 Stab: Sleeping          ||     3
  Eat: Ration            ||     1
Armor: Leather armour    ||    61
Dodge: Dodged            ||   138
